[ AOE2 MATCH · #470003151 ]
1v1 RMPersians vs Spanish
Player's team · WIN
Rival team · LOSS
[ REPLAY ANALYSIS · EXTRACTED FROM THE RECORDED GAME ]
Feudal
11:48
Castle
16:11
Imperial
36:51
| APM avg | 27.2 |
| APM peak | 69 |
| eAPM avg | 20.2 |
| Villagers / military | 122 / 119 |
Focus
⚔️ 32.8% · 🌾 67.2%
Skirmisher ×48 · War Elephant ×21 · Battering Ram ×16 · Spearman ×16 · Petard ×7 · Mangonel ×5
Feudal
11:19
Castle
20:55
Imperial
35:47
| APM avg | 22.8 |
| APM peak | 51 |
| eAPM avg | 14.8 |
| Villagers / military | 61 / 23 |
Focus
⚔️ 25.8% · 🌾 74.2%
Conquistador ×8 · Petard ×8 · Missionary ×6 · Trebuchet (Packed) ×1
Match map
Initial resources + every placement click. Lines = walls · curves = elevation contours. ◆ gold · ⬟ stone · ● berries · ✦ relic · ◌ wall gap
Your base· ✓ Closed at 16:11 · 4t walls · no gate
Dacoba's base· ✓ Closed at 20:55 · 5t walls · 6 gate(s)
Smoothed initial terrain · ◌ = detected wall gap · hover for details
Inputs per minute
— AmigoTeneSigarro - - Dacoba
Build order — AmigoTeneSigarro
First 150 of 448 actions detected
| 0:01 | Create | Villager (Male) |
| 0:01 | Create | Villager (Male) |
| 0:01 | Create | Villager (Male) |
| 0:02 | Create | Villager (Male) |
| 0:02 | Create | Villager (Male) |
| 0:03 | Build | House |
| 0:05 | Build | House |
| 1:33 | Create | Villager (Male) |
| 2:00 | Create | Villager (Male) |
| 2:12 | Build | Lumber Camp |
| 2:31 | Create | Villager (Male) |
| 3:03 | Research | Loom |
| 3:04 | Create | Villager (Male) |
| 3:35 | Create | Villager (Male) |
| 3:57 | Create | Villager (Male) |
| 4:06 | Build | House |
| 4:13 | Build | House |
| 4:39 | Create | Villager (Male) |
| 5:04 | Build | Palisade Wall |
| 5:04 | Build | Palisade Wall |
| 5:12 | Create | Villager (Male) |
| 5:13 | Create | Villager (Male) |
| 5:39 | Build | Barracks |
| 5:48 | Create | Villager (Male) |
| 5:48 | Create | Villager (Male) |
| 6:08 | Build | House |
| 6:27 | Build | Mill |
| 6:46 | Create | Villager (Male) |
| 6:59 | Build | Palisade Wall |
| 7:00 | Build | Palisade Wall |
| 7:13 | Create | Villager (Male) |
| 7:38 | Create | Villager (Male) |
| 7:57 | Create | Villager (Male) |
| 8:10 | Build | Palisade Wall |
| 8:20 | Create | Villager (Male) |
| 8:29 | Build | Farm |
| 8:33 | Build | Farm |
| 8:36 | Build | Farm |
| 8:47 | Create | Villager (Male) |
| 9:20 | Create | Villager (Male) |
| 9:23 | Research | Feudal Age |
| 9:34 | Build | Mill |
| 9:52 | Create | Villager (Male) |
| 9:53 | Create | Villager (Male) |
| 10:34 | Build | Mining Camp |
| 10:47 | Create | Militia |
| 10:48 | Create | Militia |
| 10:58 | Build | House |
| 11:18 | Build | Farm |
| 11:26 | Build | Farm |
| 11:48 | Age | Feudal Age |
| 12:22 | Build | Market |
| 12:31 | Build | Blacksmith |
| 12:34 | Create | Villager (Male) |
| 12:56 | Create | Villager (Male) |
| 13:17 | Create | Villager (Male) |
| 13:28 | Build | Farm |
| 13:31 | Build | Farm |
| 13:45 | Research | Castle Age |
| 13:57 | Build | Farm |
| 13:57 | Build | Farm |
| 13:57 | Build | Farm |
| 13:58 | Build | Farm |
| 14:05 | Build | Farm |
| 14:07 | Build | Farm |
| 14:12 | Research | Double-Bit Axe |
| 14:35 | Build | Mining Camp |
| 15:18 | Build | House |
| 15:20 | Build | House |
| 15:34 | Create | Villager (Male) |
| 15:34 | Create | Villager (Male) |
| 15:34 | Create | Villager (Male) |
| 15:35 | Create | Villager (Male) |
| 15:35 | Create | Villager (Male) |
| 16:11 | Age | Castle Age |
| 16:43 | Create | Villager (Male) |
| 17:10 | Create | Villager (Male) |
| 17:10 | Create | Villager (Male) |
| 17:14 | Research | Horse Collar |
| 17:18 | Research | Bow Saw |
| 17:28 | Build | Monastery |
| 17:37 | Create | Villager (Male) |
| 17:41 | Research | Town Watch |
| 17:51 | Research | Stone Mining |
| 18:09 | Build | Farm |
| 18:09 | Build | Farm |
| 18:10 | Build | Farm |
| 18:10 | Build | Farm |
| 18:10 | Build | Farm |
| 18:10 | Build | Farm |
| 18:11 | Build | Farm |
| 18:49 | Build | Town Center |
| 18:54 | Build | Farm |
| 19:30 | Create | Villager (Male) |
| 19:31 | Create | Villager (Male) |
| 19:34 | Research | Wheelbarrow |
| 19:47 | Build | Castle |
| 19:50 | Research | Fletching |
| 20:00 | Build | Farm |
| 20:06 | Build | Farm |
| 20:09 | Create | Villager (Male) |
| 20:09 | Create | Villager (Male) |
| 20:10 | Create | Villager (Male) |
| 20:11 | Create | Villager (Male) |
| 20:12 | Create | Villager (Male) |
| 20:23 | Build | Farm |
| 20:36 | Research | Gold Mining |
| 21:08 | Build | Lumber Camp |
| 21:11 | Create | Villager (Male) |
| 21:13 | Create | Villager (Male) |
| 21:28 | Build | Farm |
| 21:28 | Build | Farm |
| 21:28 | Build | Farm |
| 21:28 | Build | Farm |
| 21:31 | Build | Farm |
| 21:53 | Build | Farm |
| 22:01 | Create | Villager (Male) |
| 22:02 | Create | Villager (Male) |
| 22:03 | Create | Villager (Male) |
| 22:03 | Create | Villager (Male) |
| 22:08 | Build | Farm |
| 22:11 | Build | Farm |
| 22:14 | Build | Farm |
| 22:19 | Research | Heavy Plow |
| 22:58 | Research | Bodkin Arrow |
| 23:00 | Create | Villager (Male) |
| 23:01 | Create | Villager (Male) |
| 23:03 | Build | Farm |
| 23:05 | Build | Farm |
| 23:09 | Create | Villager (Male) |
| 23:15 | Create | Villager (Male) |
| 23:15 | Create | Villager (Male) |
| 23:27 | Build | Farm |
| 23:27 | Build | Farm |
| 23:28 | Build | Farm |
| 23:33 | Create | Villager (Male) |
| 23:42 | Build | Farm |
| 23:48 | Build | Farm |
| 23:59 | Create | Petard |
| 24:00 | Create | Petard |
| 24:01 | Create | Petard |
| 24:08 | Create | Petard |
| 24:08 | Create | Petard |
| 24:09 | Create | Petard |
| 24:14 | Create | Petard |
| 24:26 | Build | Siege Workshop |
| 24:31 | Create | Villager (Male) |
| 24:32 | Create | Villager (Male) |
| 24:35 | Create | Villager (Male) |
| 24:35 | Create | Villager (Male) |
Build order — Dacoba
First 150 of 191 actions detected
| 0:06 | Build | House |
| 0:07 | Create | Villager (Male) |
| 0:07 | Create | Villager (Male) |
| 0:07 | Create | Villager (Male) |
| 0:08 | Create | Villager (Male) |
| 0:34 | Build | House |
| 0:35 | Build | House |
| 1:12 | Build | Palisade Wall |
| 1:15 | Build | Palisade Gate |
| 1:23 | Build | Palisade Gate |
| 2:07 | Create | Villager (Male) |
| 3:16 | Create | Villager (Male) |
| 3:16 | Create | Villager (Male) |
| 3:17 | Create | Villager (Male) |
| 4:02 | Build | Lumber Camp |
| 4:11 | Create | Villager (Male) |
| 4:11 | Create | Villager (Male) |
| 4:54 | Create | Villager (Male) |
| 4:54 | Create | Villager (Male) |
| 4:54 | Create | Villager (Male) |
| 4:54 | Create | Villager (Male) |
| 5:46 | Create | Villager (Male) |
| 5:47 | Create | Villager (Male) |
| 5:47 | Create | Villager (Male) |
| 5:47 | Create | Villager (Male) |
| 6:35 | Build | Mill |
| 6:42 | Create | Villager (Male) |
| 6:42 | Create | Villager (Male) |
| 6:42 | Create | Villager (Male) |
| 6:42 | Create | Villager (Male) |
| 7:18 | Create | Villager (Male) |
| 7:18 | Create | Villager (Male) |
| 7:59 | Create | Villager (Male) |
| 8:00 | Research | Loom |
| 9:03 | Create | Villager (Male) |
| 9:08 | Research | Feudal Age |
| 9:30 | Create | Villager (Male) |
| 9:31 | Research | Loom |
| 9:53 | Build | Mill |
| 11:19 | Age | Feudal Age |
| 11:24 | Research | Wheelbarrow |
| 11:24 | Research | Town Watch |
| 11:39 | Build | Stone Wall |
| 11:44 | Build | Gate |
| 11:49 | Build | Stone Wall |
| 11:56 | Build | Gate |
| 12:48 | Research | Double-Bit Axe |
| 13:39 | Build | Lumber Camp |
| 13:51 | Research | Horse Collar |
| 14:28 | Build | Watch Tower |
| 14:36 | Build | Watch Tower |
| 14:46 | Build | House |
| 15:01 | Build | Mining Camp |
| 15:27 | Create | Villager (Male) |
| 15:28 | Create | Villager (Male) |
| 15:28 | Create | Villager (Male) |
| 15:28 | Create | Villager (Male) |
| 15:28 | Create | Villager (Male) |
| 15:29 | Create | Villager (Male) |
| 15:35 | Build | Mining Camp |
| 16:32 | Build | Market |
| 16:33 | Build | Stone Wall |
| 16:38 | Build | Gate |
| 17:30 | Build | Blacksmith |
| 17:57 | Research | Stone Mining |
| 18:15 | Research | Castle Age |
| 18:34 | Research | Gold Mining |
| 19:44 | Build | House |
| 19:45 | Build | Stone Wall |
| 19:49 | Build | Gate |
| 19:52 | Build | House |
| 20:55 | Age | Castle Age |
| 21:08 | Build | Monastery |
| 22:00 | Build | Castle |
| 22:10 | Research | Fletching |
| 22:19 | Create | Missionary |
| 22:28 | Build | Stone Wall |
| 22:31 | Build | Stone Wall |
| 22:32 | Build | Stone Wall |
| 23:11 | Build | Lumber Camp |
| 23:28 | Build | Barracks |
| 23:42 | Build | Farm |
| 23:43 | Build | Farm |
| 23:54 | Build | Farm |
| 24:05 | Research | Bodkin Arrow |
| 24:08 | Build | Farm |
| 24:22 | Build | Farm |
| 24:39 | Create | Conquistador |
| 24:39 | Create | Conquistador |
| 24:56 | Build | Farm |
| 25:05 | Create | Conquistador |
| 25:05 | Create | Conquistador |
| 25:21 | Create | Conquistador |
| 25:21 | Create | Conquistador |
| 26:37 | Create | Petard |
| 26:37 | Create | Petard |
| 26:48 | Build | Farm |
| 26:52 | Build | Farm |
| 26:57 | Build | Farm |
| 27:31 | Build | Stone Wall |
| 27:35 | Build | Gate |
| 27:53 | Build | Farm |
| 27:54 | Build | Farm |
| 27:56 | Build | Farm |
| 27:58 | Build | Farm |
| 28:42 | Build | University |
| 29:00 | Create | Petard |
| 29:01 | Create | Petard |
| 29:50 | Research | Murder Holes |
| 29:58 | Research | Heavy Plow |
| 30:17 | Create | Petard |
| 30:21 | Create | Conquistador |
| 30:21 | Create | Conquistador |
| 32:37 | Research | Imperial Age |
| 32:52 | Create | Petard |
| 32:52 | Create | Petard |
| 32:56 | Build | Stone Wall |
| 33:07 | Create | Petard |
| 33:20 | Build | Stone Wall |
| 33:29 | Build | Stone Wall |
| 33:33 | Build | Stone Wall |
| 33:47 | Build | Mining Camp |
| 33:54 | Build | Stone Wall |
| 34:25 | Build | Stone Wall |
| 34:42 | Build | Stone Wall |
| 34:51 | Build | Stone Wall |
| 35:36 | Research | Ballistics |
| 35:47 | Age | Imperial Age |
| 35:48 | Create | Trebuchet (Packed) |
| 35:55 | Create | Villager (Male) |
| 35:56 | Create | Villager (Male) |
| 35:56 | Create | Villager (Male) |
| 35:56 | Create | Villager (Male) |
| 35:56 | Create | Villager (Male) |
| 35:57 | Create | Villager (Male) |
| 35:57 | Create | Villager (Male) |
| 36:21 | Research | Pikeman (upgrade) |
| 36:21 | Research | Squires |
| 36:26 | Build | Stone Wall |
| 37:04 | Build | Stone Wall |
| 39:20 | Build | Stone Wall |
| 39:24 | Build | Gate |
| 39:27 | Build | Stone Wall |
| 39:31 | Build | Gate |
| 39:51 | Build | House |
| 39:56 | Create | Villager (Male) |
| 39:56 | Create | Villager (Male) |
| 39:56 | Create | Villager (Male) |
| 39:57 | Create | Villager (Male) |
| 39:57 | Create | Villager (Male) |
Match timeline
| 1:12 | Dacoba · wall_segment Palisade Wall x1 |
| 5:04 | AmigoTeneSigarro · wall_segment Palisade Wall x1 |
| 5:04 | AmigoTeneSigarro · wall_segment Palisade Wall x1 |
| 5:39 | AmigoTeneSigarro · first_building Barracks |
| 6:59 | AmigoTeneSigarro · wall_segment Palisade Wall x1 |
| 7:00 | AmigoTeneSigarro · wall_segment Palisade Wall x1 |
| 8:10 | AmigoTeneSigarro · wall_segment Palisade Wall x1 |
| 11:19 | Dacoba · age_up feudal |
| 11:39 | Dacoba · wall_segment Stone Wall x1 |
| 11:48 | AmigoTeneSigarro · age_up feudal |
| 11:49 | Dacoba · wall_segment Stone Wall x1 |
| 16:11 | AmigoTeneSigarro · age_up castle |
| 16:33 | Dacoba · wall_segment Stone Wall x1 |
| 17:28 | AmigoTeneSigarro · first_building Monastery |
| 18:40 | AmigoTeneSigarro · first_market_sell 100 food |
| 18:42 | AmigoTeneSigarro · first_market_buy 100 wood |
| 19:45 | Dacoba · wall_segment Stone Wall x1 |
| 19:47 | AmigoTeneSigarro · first_building Castle |
| 20:55 | Dacoba · age_up castle |
| 21:08 | Dacoba · first_building Monastery |
| 22:00 | Dacoba · first_building Castle |
| 22:28 | Dacoba · wall_segment Stone Wall x2 |
| 22:31 | Dacoba · wall_segment Stone Wall x1 |
| 22:32 | Dacoba · wall_segment Stone Wall x1 |
| 23:28 | Dacoba · first_building Barracks |
| 24:26 | AmigoTeneSigarro · first_building Siege Workshop |
| 26:11 | AmigoTeneSigarro · wall_segment Stone Wall x7 |
| 27:31 | Dacoba · wall_segment Stone Wall x8 |
| 28:40 | AmigoTeneSigarro · first_building Archery Range |
| 30:59 | AmigoTeneSigarro · wall_segment Stone Wall x1 |
| 31:38 | AmigoTeneSigarro · wall_segment Stone Wall x1 |
| 32:28 | Dacoba · first_market_sell 100 wood |
| 32:30 | Dacoba · first_market_buy 100 food |
| 32:56 | Dacoba · wall_segment Stone Wall x5 |
| 33:20 | Dacoba · wall_segment Stone Wall x1 |
| 33:29 | Dacoba · wall_segment Stone Wall x1 |
| 33:33 | Dacoba · wall_segment Stone Wall x3 |
| 33:54 | Dacoba · wall_segment Stone Wall x4 |
| 34:25 | Dacoba · wall_segment Stone Wall x5 |
| 34:42 | Dacoba · wall_segment Stone Wall x1 |
| 34:51 | Dacoba · wall_segment Stone Wall x3 |
| 35:47 | Dacoba · age_up imperial |
| 36:26 | Dacoba · wall_segment Stone Wall x1 |
| 36:51 | AmigoTeneSigarro · age_up imperial |
| 37:04 | Dacoba · wall_segment Stone Wall x2 |
| 39:20 | Dacoba · wall_segment Stone Wall x8 |
| 39:27 | Dacoba · wall_segment Stone Wall x10 |
| 40:13 | Dacoba · wall_segment Stone Wall x5 |
| 41:27 | Dacoba · wall_segment Stone Wall x6 |
| 42:06 | Dacoba · wall_segment Stone Wall x8 |
| 43:49 | Dacoba · wall_segment Stone Wall x11 |
| 45:30 | Dacoba · first_building Siege Workshop |
| 46:54 | Dacoba · resign |
[ AI ANALYSIS · 1 CREDIT ]
What really happened in this match?
Wolo.gg analyzes every decision: build order, eco, micro, common mistakes by bracket. Personalized analysis on WhatsApp or Discord in 30 seconds.
Civ guide
Persians
Map guide
Black Forest
Perfil
Jugador #4420107